 Dungeon Crawl Stone Soup version 0.18.1-50-g88ac8fd (webtiles) character file.

273 Chiseanne the Gusty (level 6, -1/45 HPs)
             Began as a Centaur Air Elementalist on Oct 4, 2016.
             Succumbed to an orc wizard's poison
             ... on level 4 of the Dungeon.
             The game lasted 00:11:40 (5322 turns).

Chiseanne the Gusty (Centaur Air Elementalist)      Turns: 5322, Time: 00:11:41

Health: -1/45      AC:  7    Str: 11    XL:     6   Next: 2%
Magic:  1/10       EV:  9    Int: 16    God:
Gold:   166        SH:  0    Dex:  9    Spells: 1 memorised, 10 levels left

rFire  . . .     SeeInvis .     a - +2 dagger (elec)
rCold  . . .     Gourm    .     h - +0 robe
rNeg   . . .     Faith    .     (no shield)
rPois  .         Spirit   .     (no helmet)
rElec  .         Dismiss  .     q - +2 cloak
rCorr  .         Reflect  .     (no gloves)
SustAt .         Harm     .     (no barding)
MR     .....                    (no amulet)
Stlth  +.........               (no ring)
                                (no ring)

@: lethally poisoned (-1 -> -31), very slightly contaminated, hasted, very
quick, not resistant to hostile enchantments, very unstealthy
A: hooves 3, deformed body, speed 2, tough skin 3
a: no special abilities


You were on level 4 of the Dungeon.
You were hungry.

You visited 1 branch of the dungeon, and saw 4 of its levels.

You collected 166 gold pieces.

Inventory:

Hand Weapons
 a - a +2 dagger of electrocution (weapon)
 w - a +0 blowgun
 x - the +4 dagger "Sarcophage" {flame, Int+4, unknown}
   (You found it on level 4 of the Dungeon)

   It has been specially enchanted to burn those struck by it, causing extra
   injury to most foes and up to half again as much damage against particularly
   susceptible opponents.
   It affects your intelligence (+4).
 y - the +9 short sword of Overwhelming Force {venom, +Blink Str+2 Dex+4, unknown}
   (You found it on level 4 of the Dungeon)

   It poisons the flesh of those it strikes.
   It affects your strength (+2).
   It affects your dexterity (+4).
   It lets you blink.
Missiles
 e - 15 stones (quivered)
 i - 6 needles of sleeping
 j - 47 arrows
 l - 52 poisoned needles
 r - 21 bolts
 u - 44 sling bullets
Armour
 h - a +0 robe (worn)
 q - a +2 cloak (worn)
Scrolls
 f - a scroll of recharging
 v - a scroll of immolation
Potions
 d - a potion of cure mutation {unknown}
 k - 2 potions of mutation {unknown}
 m - a potion of heal wounds {unknown}
 o - 2 potions of ambrosia {unknown}
 p - a potion of cancellation {unknown}
 s - 2 potions of flight {unknown}
 z - a potion of brilliance {unknown}
Books
 b - a book of Air

   Spells                             Type                      Level
   a - Shock                          Conjuration/Air              1
   b - Swiftness                      Charms/Air                   2
   c - Repel Missiles                 Charms/Air                   2
   d - Static Discharge               Conjuration/Air              3
   e - Lightning Bolt                 Conjuration/Air              5
Comestibles
 c - 3 bread rations
 n - 2 meat rations
 t - a slice of pizza


   Skills:
 - Level 1.3 Dodging
 - Level 1.2 Stealth
 * Level 3.1 Spellcasting
 * Level 3.1 Conjurations
 * Level 4.0 Air Magic


You had 10 spell levels left.
You knew the following spells:

 Your Spells              Type           Power        Failure   Level  Hunger
a - Shock                 Conj/Air       ##..         6%          1    None


Dungeon Overview and Level Annotations

Branches:
Dungeon (4/15)
 Temple: D:4-7

Altars:

Annotations:
D:4 HopefulHyena's ghost, amateur MiAK


Innate Abilities, Weirdness & Mutations

You have hooves in place of feet.
Armour fits poorly on your strangely shaped body.
You cover ground very quickly.
You have extremely tough skin (AC +3).


Message History

The orc wizard is heavily wounded.
You feel very sick. The orc wizard casts a spell at you.
The magic dart hits you!
You hit the orc wizard.
The orc wizard is severely wounded.
* * * LOW HITPOINT WARNING * * *
You feel very sick.
The orc wizard gestures at you while chanting.
The magic dart hits you!
You hit the orc wizard. Your kick misses the orc wizard.
The orc wizard is severely wounded.
* * * LOW HITPOINT WARNING * * *
You feel very sick. The orc wizard casts a spell at you.
The puff of flame hits you!
* * * LOW HITPOINT WARNING * * *
Drink which item? (? for menu, Esc to quit)
It was a potion of haste.
You feel yourself speed up.
You die...

####...#######.##.#.# ####...#
#....#.# ..##...# #......###
#.##...# ##.......# #.##...#
##.####.# ......##
####...###.########### #.#####
####.....................
#.#######.##.##.o..##.###########
...........#.###@#.##.#
......##..............#
##.##.##.###.##.##.####
......##.# #.##.##.## ...##.##.#
#........# ##.##.##.# ##.#.###.#
##.......# #>#..# .# ......####
#.##.# # ###.....# #.##.##.#


You could see an orc wizard.

Vanquished Creatures
  A phantom (D:4)
  A hound (D:4)
  An orc wizard (D:3)
  An adder (D:3)
  2 oozes
  An adder skeleton (D:4)
  2 worms
  3 giant geckos
  10 orcs (D:3)
  10 bats
  5 giant cockroaches
  10 goblins
  9 hobgoblins
  9 jackals
  A quokka (D:3)
  3 ball pythons
  5 giant newts
  A jackal skeleton (D:4)
  8 kobolds
  5 rats
88 creatures vanquished.

Notes
Turn   | Place    | Note
--------------------------------------------------------------
     0 | D:1      | Chiseanne the Centaur Air Elementalist began the quest for the Orb.
     0 | D:1      | Reached XP level 1. HP: 14/14 MP: 3/3
    71 | D:1      | Reached skill level 1 in Conjurations
   292 | D:1      | Reached XP level 2. HP: 19/20 MP: 0/4
  1131 | D:1      | Reached skill level 3 in Air Magic
  1349 | D:1      | Reached XP level 3. HP: 26/26 MP: 0/5
  2644 | D:3      | Found a faded altar to an unknown god.
  2796 | D:3      | Reached XP level 4. HP: 32/33 MP: 3/7
  4040 | D:3      | Reached XP level 5. HP: 36/38 MP: 8/8
  4453 | D:4      | Noticed a phantom
  4586 | D:4      | Killed a phantom
  4827 | D:4      | Got a smoking dagger
  4955 | D:4      | Reached skill level 4 in Air Magic
  4955 | D:4      | Reached XP level 6. HP: 36/45 MP: 10/10
  4961 | D:4      | Got a fine short sword
  5057 | D:4      | Noticed HopefulHyena's ghost (amateur MiAK)
  5321 | D:4      | HP: 1/45 [orc wizard/puff of flame (8)]
  5322 | D:4      | Succumbed to an orc wizard's poison

Skill      XL: |  1  2  3  4  5 |
---------------+----------------+-----
Conjurations   | 1 2 3 |  3.1
Air Magic      | 3 4 |  4.0
Spellcasting   | 2 3 |  3.1
Dodging        | |  1.3
Stealth        | |  1.2

Action                   |  1- 3 |  4- 6 || total
-------------------------+-------+-------++-------
Melee: Unarmed           |    18 |       ||    18
       Short sword       |    26 |       ||    26
       Kick              |     9 |    16 ||    25
       Dagger            |    13 |    85 ||    98
 Cast: Shock             |    57 |    80 ||   137
  Use: Scroll            |     5 |     1 ||     6
       Potion            |       |     1 ||     1
  Eat: Chunk             |     6 |     7 ||    13
Armor: Robe              |    45 |    30 ||    75
Dodge: Dodged            |    39 |    37 ||    76
